 Dungeon Crawl Stone Soup version 0.17.0-7-gfadd4cc (console) character file.

13 Kloppie the Digger (level 2, 0/15 HPs)
             Began as a Gargoyle Earth Elementalist on Nov 8, 2015.
             Slain by a jackal (2 damage)
             ... on level 1 of the Dungeon.
             The game lasted 00:01:46 (321 turns).

Kloppie the Digger (Gargoyle Earth Elementalist)     Turns: 321, Time: 00:01:46

Health: 0/15       AC:  4    Str: 11    XL:     2   Next: 37%
Magic:  1/5        EV: 12    Int: 15    God:
Gold:   19         SH:  0    Dex: 10    Spells: 1 memorised, 4 levels left

rFire  . . .     SeeInvis .     a - +0 mace
rCold  . . .     Clarity  .     e - +0 robe
rNeg   + . .     SustAt   .     (no shield)
rPois  ∞         Gourm    .     (no helmet)
rElec  +         Spirit   .     (no cloak)
rCorr  .         Warding  .     (no gloves)
rMut   .         Stasis   .     (no boots)
MR     .....                    (no amulet)
Stlth  ++........               (no ring)
                                (no ring)

@: not resistant to hostile enchantments, unstealthy
A: negative energy resistance 1, electricity resistance, unbreathing,
petrification resistance, rot immunity, AC +2
a: no special abilities


You were on level 1 of the Dungeon.
You were not hungry.

You visited 1 branch of the dungeon, and saw 1 of its levels.

You collected 19 gold pieces.

Inventory:

Hand Weapons
 a - a +0 mace (weapon)
Missiles
 b - 22 stones (quivered)
Armour
 e - a +0 robe (worn)
Scrolls
 f - a scroll of immolation {unknown}
Books
 c - a book of Geomancy

   Spells                             Type                      Level
   a - Sandblast                      Earth                        1
   b - Stoneskin                      Transmutation/Earth          2
   c - Passwall                       Transmutation/Earth          3
   d - Stone Arrow                    Conjuration/Earth            3
   e - Petrify                        Transmutation/Earth          4
   f - Lee's Rapid Deconstruction     Earth                        5
Comestibles
 d - a bread ration


   Skills:
 + Level 2.0 Dodging
 - Level 2.1 Stealth
 - Level 2.0 Spellcasting
   Level 0.7 Transmutations
 + Level 4.1 Earth Magic


You had 4 spell levels left.
You knew the following spells:

 Your Spells              Type           Power        Failure   Level  Hunger
a - Sandblast             Erth           ##....       4%          1    #......


Dungeon Overview and Level Annotations

Branches:
Dungeon (1/15)

Altars:


Innate Abilities, Weirdness & Mutations

You are resistant to torment.
Your stone body is resilient (AC +2).
You are immune to poison.
You resist negative energy.
You are resistant to electric shocks.
You can survive without breathing.
You are immune to petrification.
You are immune to rotting.


Message History

You closely miss the jackal.
The jackal is severely wounded.
The jackal barely misses you. The jackal bites you.
* * * LOW HITPOINT WARNING * * *
You closely miss the jackal.
The jackal is severely wounded.
The jackal bites you but does no damage.
The jackal completely misses you.
You completely miss the jackal.
The jackal is severely wounded.
The jackal closely misses you.
The jackal bites you but does no damage.
You closely miss the jackal.
The jackal is severely wounded.
The jackal barely misses you. The jackal bites you.
* * * LOW HITPOINT WARNING * * *
You hit the jackal.
The jackal is almost dead.
The jackal barely misses you. The jackal bites you.
You die...

#......# ### #......#
######... #......#
#######........ ###......#
#.............. .........#
#............. .........#
#.........# .......†.#
#.........# #h# #)....†...#
..####@####.........#
...........#.........#
#######..............#
#......##..#####.##.#######
.........^.................
#...........#..........##
#######.###.#.##.......#
#.###.#.#####....#
##....)..## #....#
#.........####..###
#.........#.....#
#.........#.###.#
#........†#.# #.#
#.........#.# #.# ##
#+######### #...........#
#.# #.. ..........#
#########..## #.# #.#
##########.#.# ####..## #.#
#.# .#.......#.##.#
##......# #.#
#.#.#.###'###.#.#.#
#....##.# #.##
#.#.#.#.....#.#.#.#


You could see a jackal.

Vanquished Creatures
  3 bats (D:1)
  A goblin (D:1)
  3 jackals (D:1)
  A kobold (D:1)
  4 rats (D:1)
12 creatures vanquished.

Notes
Turn   | Place    | Note
--------------------------------------------------------------
     0 | D:1      | Kloppie the Gargoyle Earth Elementalist began the quest for the Orb.
     0 | D:1      | Reached XP level 1. HP: 10/10 MP: 3/3
   167 | D:1      | Reached XP level 2. HP: 7/15 MP: 1/5
   280 | D:1      | Reached skill level 4 in Earth Magic
   321 | D:1      | Slain by a jackal

Action                   || total
-------------------------++-------
Melee: Mace              ||    39
       Unarmed           ||     8
 Cast: Sandblast         ||     7
 Stab: Sleeping          ||     1
